 Dungeon Crawl Stone Soup version 0.29-a0-997-gf6f7e2dfe7 (webtiles) character file.

Game seed: 10150765728920165317

243 RevDB the Conjurer (level 5, -1/45 HPs)
             Began as a Draconian Conjurer on Aug 4, 2022.
             Slain by an iguana (8 damage)
             ... on level 5 of the Dungeon.
             The game lasted 00:17:04 (2855 turns).

RevDB the Conjurer (Draconian Conjurer)             Turns: 2855, Time: 00:17:05

Health: -1/45      AC:  5    Str:  9    XL:     5   Next: 82%
Magic:  13/17      EV: 12    Int: 21    God:
Gold:   117        SH:  0    Dex:  9    Spells: 5/8 levels left

rFire   . . .      SeeInvis .   i - staff of conjuration
rCold   . . .      Faith    .   (no shield)
rNeg    . . .      Spirit   .   (body armour unavailable)
rPois   .          Reflect  .   (helmet restricted)
rElec   .          Harm     .   (no cloak)
rCorr   .          Rampage  .   (no gloves)
Will    .....                   (no boots)
Stlth   ++........              (no amulet)
HPRegen 0.15/turn               b - ring of magical power
MPRegen 0.15/turn               (no ring)

@: no status effects
A: AC +5, unfitting armour, cold-blooded
a: no special abilities


You were on level 5 of the Dungeon.
You visited 1 branch of the dungeon, and saw 5 of its levels.

You collected 117 gold pieces.

Inventory:

Hand Weapons
 d - a +0 mace
Armour
 r - an orb of guile
Magical Staves
 i - a staff of conjuration (weapon)
 k - a staff of air
Jewellery
 b - a ring of magical power (left hand)
Wands
 v - a wand of roots (11)
Scrolls
 c - 2 scrolls of teleportation {unknown}
 h - a scroll of blinking {unknown}
 l - a scroll of immolation {unknown}
 n - a scroll of summoning {unknown}
 o - a scroll of butterflies {unknown}
 p - 2 scrolls of identify {unknown}
 q - a scroll of enchant weapon {unknown}
 s - a scroll of noise {unknown}
 u - a scroll of poison {unknown}
Potions
 a - 2 potions of magic
 e - a potion of haste {unknown}
 f - 3 potions of heal wounds {unknown}
 g - a potion of degeneration {unknown}
 j - 2 potions of flight {unknown}
 m - a potion of mutation {unknown}
 t - a potion of lignification {unknown}
 w - a potion of curing {unknown}
 x - 2 potions of attraction {unknown}


   Skills:
 - Level 3.0 Fighting
 - Level 3.0 Staves
 - Level 2.0 Dodging
 - Level 1.8 Stealth
 - Level 2.0 Spellcasting
 + Level 5.4 Conjurations


You had 5 spell levels left.
You knew the following spells:

 Your Spells              Type           Power      Damage    Failure   Level
a - Magic Dart            Conj           100%       1d8       1%          1
b - Searing Ray           Conj           74%        2d7       2%          2

Your spell library contained the following spells:

 Spells                   Type           Power      Damage    Failure   Level
 Dazzling Flash           Conj/Hex       40%        N/A       14%         3
 Fulminant Prism          Conj/Hex       10%        3d9       43%         4
 Iskenderun's Mystic Bla  Conj/Tloc      20%        2d6       43%         4


Dungeon Overview and Level Annotations

Branches:
Dungeon (5/15)
 Temple: D:4-7

Altars:
Kikubaaqudgha

Annotations:
D:4 Pikel


Innate Abilities, Weirdness & Mutations

Your plain brown scales are hard. (AC +5)
You cannot fit into any form of body armour.
You are cold-blooded and may be slowed by cold attacks.


Message History

Found a stone staircase leading up.
You open the door.
An iguana comes into view.
The iguana hisses angrily.
The iguana bites you but does no damage.
There is an open door here.
You hit the iguana.
The iguana is lightly wounded.
The iguana bites you!
You barely miss the iguana.
The iguana is lightly wounded.
The iguana bites you.
You hit the iguana but do no damage.
The iguana is lightly wounded.
The iguana barely misses you.
You barely miss the iguana.
Your tail-slap misses the iguana.
The iguana is lightly wounded.
The iguana bites you!
You closely miss the iguana. You tail-slap the iguana.
The iguana is lightly wounded.
The iguana barely misses you.
You barely miss the iguana.
Your tail-slap misses the iguana.
The iguana is lightly wounded.
The iguana bites you!
* * * LOW HITPOINT WARNING * * *
Casting: Searing Ray (safe; 2% risk of failure)
Confirm with . or Enter, or press ? or * to list all spells.
Aiming: Searing Ray (safe; 2% risk of failure)
Press: ? - help, Shift-Dir - straight line, f - iguana
Aim: an iguana (lightly wounded, 83% to hit)
You feel a surge of power!
The searing ray hits the iguana.
The iguana is moderately wounded. (Press . to maintain the ray.)
The iguana bites you.
* * * LOW HITPOINT WARNING * * *
The searing ray hits the iguana.
The iguana is severely wounded.
The iguana barely misses you.
The searing ray misses the iguana.
The iguana bites you!
You die...

...........######.....#
...........# #.....#
...........# #.....#
...........# #.....#
...........# #.....#
...........# #.....#
...........# #.....#
.......)...######.....#
######.....#....@.....#
#.....#...l#.....#
#.....#....#.......#
.....#....#(......#
######......<#
#.......# #.......#
#######


You could see an iguana.

Vanquished Creatures
  A lemure (D:4)
  A scorpion (D:5)
  2 hounds
  Ijyb (D:3)
  3 adders
  2 worms
  2 dart slugs
  2 orcs
  3 ball pythons
  10 bats
  4 endoplasms
  3 giant cockroaches
  6 goblins
  6 hobgoblins
  3 jackals (D:3)
  2 quokkas (D:1)
  3 frilled lizards
  7 kobolds
  6 rats
67 creatures vanquished.

Notes
Turn   | Place    | Note
-------+----------+-------------------------------------------
     0 | D:1      | RevDB the Draconian Conjurer began the quest for the Orb.
     0 | D:1      | Reached XP level 1. HP: 14/14 MP: 3/3
    53 | D:1      | Reached skill level 1 in Fighting
    60 | D:1      | Reached XP level 2. HP: 23/23 MP: 0/5
   197 | D:1      | Learned a level 2 spell: Searing Ray
   563 | D:2      | Found an ancient bone altar of Kikubaaqudgha.
   854 | D:2      | Reached XP level 3. HP: 24/29 MP: 6/6
   865 | D:2      | Reached skill level 5 in Conjurations
   939 | D:2      | Reached XP level 4. HP: 36/36 MP: 7/7
   994 | D:2      | Reached skill level 1 in Staves
  1558 | D:3      | Noticed Ijyb
  2270 | D:3      | Killed Ijyb
  2271 | D:3      | Reached XP level 5. HP: 30/45 MP: 8/8
  2454 | D:4      | You fall into a shaft and drop 1 floor!
  2454 | D:5      | Entered Level 5 of the Dungeon
  2496 | D:4      | Noticed a lemure
  2496 | D:4      | Noticed a lemure
  2497 | D:4      | Noticed a lemure
  2497 | D:4      | Noticed Pikel
  2512 | D:4      | Killed a lemure
  2513 | D:4      | Noticed a lemure
  2855 | D:5      | Slain by an iguana

Illustrated notes

Levels and vault maps discovered:
D:1:      dpeg_arrival_renting, layout_rooms, minmay_misc_feat_columns
D:2:      layout_loops_cross, basic_altar
D:3:      layout_basic, kennysheep_generic_room_16, uniq_ijyb
D:4:      layout_cave_pods, minitemple, minmay_temple_entry_mini_moons,
          uniq_pikel
D:5:      layout_gridville, minmay_manual_monstrance, uniq_grinder,
          uniq_sigmund, uniq_menkaure, uniq_edmund

Skill      XL: |  1  2  3  4  5 |
---------------+----------------+-----
Fighting       | 1 2 3 |  3.0
Conjurations   | 5 |  5.4
Staves         | 2 3 |  3.0
Dodging        | 2 |  2.0
Stealth        | |  1.8
Spellcasting   | |  2.0

Action                   |  1- 3 |  4- 6 || total
-------------------------+-------+-------++-------
Melee: Mace              |    19 |       ||    19
       Tailslap          |     1 |     8 ||     9
       Staff             |     3 |    47 ||    50
       Punch             |       |     1 ||     1
 Cast: Magic Dart        |    44 |    66 ||   110
       Searing Ray       |     1 |     7 ||     8
Evoke: Wand              |       |     1 ||     1
 Stab: Sleeping          |     1 |     1 ||     2
Armor: Skin              |    12 |    27 ||    39
Dodge: Dodged            |    21 |    37 ||    58

Table legend: (Time is in decaauts)
 A = Elapsed time spent in this place.
 B = Non-inter-level travel time spent in this place.
 C = Inter-level travel time spent in this place.
 D = Time resting spent in this place.
 E = Time spent auto-exploring this place.
 F = Levels seen in this place.
 G = Mean time per level.
                   A        B        C        D        E       F      G
               +--------+--------+--------+--------+--------+-----+--------+
         Total |   2870 |   2809 |     61 |    557 |    546 |   5 |  574.0 |
       Dungeon |   2870 |   2809 |     61 |    557 |    546 |   5 |  574.0 |
               +--------+--------+--------+--------+--------+-----+--------+

Top non-repeatable levels by time:
     D:1: 794 daAuts
     D:3: 770 daAuts
     D:2: 746 daAuts
     D:5: 349 daAuts
     D:4: 209 daAuts
